 Dungeon Crawl Stone Soup version 0.29.1-15-g9cfb28693d (webtiles) character file.

Game seed: 565141738793125522

34 leafyfresh the Sneak (level 3, 0/26 HPs)
             Began as an Octopode Delver on Apr 18, 2023.
             Killed from afar by a white imp (10 damage)
             ... with a puff of frost
             ... in the Ecumenical Temple.
             The game lasted 00:00:35 (84 turns).

leafyfresh the Sneak (Octopode Delver)                Turns: 84, Time: 00:00:37

Health: 0/26       AC:  1    Str: 11    XL:     3   Next: 31%
Magic:  3/3        EV: 13    Int: 14    God:
Gold:   0          SH:  0    Dex: 13    Spells: 2/2 levels left

rFire   . . .      SeeInvis .   a - +0 short sword
rCold   . . .      Faith    .   (no shield)
rNeg    . . .      Spirit   .   (helmet restricted)
rPois   .          Reflect  .   (no amulet)
rElec   .          Harm     .   (no ring)
rCorr   .          Rampage  .   (no ring)
Will    .....                   (no ring)
Stlth   ++++......              (no ring)
HPRegen 0.08/turn               (no ring)
MPRegen 0.08/turn               (no ring)
                                (no ring)
                                (no ring)

@: no status effects
A: almost no armour, amphibious, 8 rings, camouflage 1, gelatinous body 1,
(nimble swimmer 1), tentacles
a: no special abilities


You were in the Ecumenical Temple.
You visited 2 branches of the dungeon, and saw 2 of its levels.

Inventory:

Hand Weapons
 a - a +0 short sword (weapon)
Armour
 i - a +0 buckler
Jewellery
 c - a ring of positive energy
Wands
 f - a wand of digging (3)
 g - a wand of iceblast (9)
Scrolls
 b - a scroll of fog
 d - a scroll of fear
 h - a scroll of identify {unknown}
Potions
 e - a potion of haste


   Skills:
 + Level 3.3 Fighting
 + Level 2.4 Short Blades
 + Level 2.4 Dodging
 + Level 7.0 Stealth


You had 2 spell levels left.
You didn't know any spells.
Your spell library was empty.

Dungeon Overview and Level Annotations

Branches:
Dungeon (5/15)             Temple (1/1) D:5

Altars:


Innate Abilities, Weirdness & Mutations

You cannot wear most types of armour.
You are amphibious.
You can wear up to eight rings at the same time.
Your skin changes colour to match your surroundings (Stealth+).
Your rubbery body absorbs attacks. (AC +1, EV +1)
((You are camouflaged when in or above water. (Stealth+)))
You have tentacles for arms and can constrict up to eight enemies at once.


Message History

You hit the adder.
You squeeze the adder, but do no damage.
The adder is almost dead.
You constrict the adder.
You kill the adder!
Your Stealth skill increases to level 7!
No target in view!
Found a buckler.
A hound comes into view.
Found 3 stones.
An orc warrior comes into view. It is wielding a +0 scimitar.
You see here a +0 buckler.
i - a +0 buckler An orc comes into view.
It is wielding a +0 hand axe.
The orc warrior shouts!
You hear a shout! x2; The orc shouts!
An orc wizard comes into view. It is wielding a +0 dagger.
Found a staircase to the Ecumenical Temple.
A white imp comes into view.
The white imp gestures at you. The puff of frost hits you!
There is a staircase to the Ecumenical Temple here.
You can't go up here!
The white imp closely misses you.
You climb downwards.
Welcome to the Ecumenical Temple!
There is a staircase back to the Dungeon here.
You hit the white imp but do no damage. Your grab misses the white imp.
You squeeze the white imp, but do no damage.
The white imp misses you.
You hit the white imp. Your grab misses the white imp.
You squeeze the white imp, but do no damage.
The white imp is lightly wounded.
The white imp gestures at you. The puff of frost hits you.
You closely miss the white imp. You grab the white imp.
You squeeze the white imp.
The white imp is heavily wounded.
You constrict the white imp. The white imp gestures at you.
The puff of frost hits you!
You die...

...# #...
....# #....
.....# #.....
#.....#
#.....#
#.....#.....#
#.........#
#.......#
#..@..#
#....5..#
#.........#
#.....#.....#
#.....#
#.....#
.....# #.....
....# #....
...# #...


You could see a white imp.

Vanquished Creatures
  An iguana (D:5)
  An adder (D:5)
2 creatures vanquished.

Notes
Turn   | Place    | Note
-------+----------+-------------------------------------------
     0 | D:5      | leafyfresh the Octopode Delver began the quest for the Orb.
     0 | D:5      | Reached XP level 1. HP: 16/16 MP: 1/1
    22 | D:5      | Noticed an iguana
    30 | D:5      | Killed an iguana
    31 | D:5      | Reached XP level 2. HP: 21/21 MP: 2/2
    31 | D:5      | Reached XP level 3. HP: 26/26 MP: 3/3
    41 | D:5      | Reached skill level 7 in Stealth
    51 | D:5      | Noticed an orc warrior
    73 | D:5      | Found a staircase to the Ecumenical Temple.
    81 | Temple   | Entered the Ecumenical Temple
    84 | Temple   | Killed from afar by a white imp

Illustrated notes

Levels and vault maps discovered:
D:5:      layout_basic, minmay_temple_entry_stoned_glass
Temple:   mainiacjoe_temple_big_plus

Skill      XL: |  1  2  3 |
---------------+----------+-----
Stealth        | 7 |  7.0
Fighting       | |  3.3
Short Blades   | |  2.4
Dodging        | |  2.4

Action                   || total
-------------------------++-------
Melee: Short sword       ||     7
       Tentacles         ||     5
       Constrict         ||     3
  Use: Scroll            ||     1
 Stab: Sleeping          ||     1
Dodge: Dodged            ||     5
